 Dungeon Crawl Stone Soup version 0.20.0-8-g6b59dc7 (webtiles) character file.

429 Jannitor the Ducker (level 6, 0/32 HPs)
             Began as a Spriggan Transmuter on May 30, 2017.
             Was an Initiate of Gozag.
             Slain by an ogre
             ... wielding a +0 giant spiked club
              (23 damage)
             ... on level 6 of the Dungeon.
             The game lasted 00:17:27 (7093 turns).

Jannitor the Ducker (Spriggan Transmuter)           Turns: 7093, Time: 00:17:28

Health: 0/32       AC:  2    Str:  6    XL:     6   Next: 66%
Magic:  1/11       EV: 26    Int: 17    God:    Gozag
Gold:   50         SH:  0    Dex: 21    Spells: 4/10 levels left

rFire    + + .     SeeInvis +     - Unarmed
rCold    + + .     Gourm    .   (shield currently unavailable)
rNeg     . . .     Faith    .   (armour currently unavailable)
rPois    .         Spirit   .   (helmet currently unavailable)
rElec    +         Reflect  .   (cloak currently unavailable)
rCorr    +         Harm     .   (gloves unavailable)
MR       +....                  (boots unavailable)
Stlth    ++........             (no amulet)
Regen    0.1/turn               i - ring of protection from fire
MPRegen  0.2/turn               n - ring of protection from cold

@: spider-form, resistant
A: unfitting armour, see invisible, herbivore 3, slow metabolism 2
a: End Transformation, Potion Petition, Call Merchant, Bribe Branch, Renounce
Religion


You were on level 6 of the Dungeon.
You worshipped Gozag.
Gozag was noncommittal.
You were hungry.
You were a venomous arachnid creature.
You visited 2 branches of the dungeon, and saw 7 of its levels.

You collected 392 gold pieces.
You spent 228 gold pieces at shops.
You paid 114 gold pieces to Gozag.

Inventory:

Missiles
 a - 46 arrows
 F - 48 stones (quivered)
Armour
 b - a +0 robe (melded)
 t - a +0 buckler
Jewellery
 g - a cursed ring of protection from cold
 i - a ring of protection from fire (left front leg)
 n - a ring of protection from cold (right front leg)
 q - an uncursed ring of ice
Scrolls
 e - 9 scrolls of identify {unknown}
 h - 3 scrolls of remove curse {unknown}
 j - 2 scrolls of magic mapping {unknown}
 m - a scroll of teleportation {unknown}
 p - 2 scrolls of enchant weapon {unknown}
 s - 2 scrolls of noise {unknown}
 u - a scroll of recharging {unknown}
 v - 2 scrolls of amnesia {unknown}
 y - a scroll of fog {unknown}
 A - 3 scrolls of immolation {unknown}
Potions
 k - 2 potions of lignification {unknown}
 l - a potion of heal wounds {unknown}
 o - 3 potions of resistance {unknown}
 r - 2 potions of curing {unknown}
 w - a potion of invisibility {unknown}
 z - a potion of brilliance {unknown}
 B - a potion of degeneration {unknown}
 C - a potion of agility {unknown}
 D - a potion of flight {unknown}
 E - a potion of might {unknown}
Books
 c - a book of Changes

   Spells                             Type                      Level
   a - Beastly Appendage              Transmutation                1
   b - Sticks to Snakes               Transmutation                2
   c - Spider Form                    Transmutation/Poison         3
   d - Ice Form                       Ice/Transmutation            4
   e - Blade Hands                    Transmutation                5
Comestibles
 d - 6 bread rations
 f - 5 royal jellies
 x - 5 fruits


   Skills:
 + Level 2.7 Fighting
 + Level 6.0 Dodging
 + Level 3.6 Unarmed Combat
 - Level 2.6 Spellcasting
 + Level 5.2 Transmutations


You had 4 spell levels left.
You knew the following spells:

 Your Spells              Type           Power        Failure   Level  Hunger
a - Beastly Appendage     Tmut           ###...       9%          1    #......
b - Sticks to Snakes      Tmut           ###.....     11%         2    ##.....
c - Spider Form           Tmut/Pois      ##........   38%         3    ###....


Dungeon Overview and Level Annotations

Branches:
Dungeon (6/15)             Temple (1/1) D:5

Altars:
Ashenzari
Dithmenos
Elyvilon
Gozag
Makhleb
Nemelex Xobeh
Qazlal
Uskayaw
Xom
Zin

Shops:
D:4 %

Annotations:
D:2 1 runed door
D:3 Natasha
D:5 2 transporters
D:6 Grinder


Innate Abilities, Weirdness & Mutations

You are very small and have problems with some larger weapons.
You are too small for most types of armour.
You have supernaturally acute eyesight. (SInv)
You are a herbivore.
((You cover ground extremely quickly.))
You need consume almost no food.


Message History

Confirm with . or Enter, or press ? or * to list all spells.
You create a snake!
You now have 46 arrows.
The ogre misses your ball python.
Something barely misses your ball python.
Your ball python bites the ogre but does no damage. x2
Casting: Sticks to Snakes
Confirm with . or Enter, or press ? or * to list all spells.
You grow a pair of large bovine horns.
Your ball python bites the ogre.
The ogre barely misses your ball python.
Your ball python bites the ogre.
Casting: Beastly Appendage
Confirm with . or Enter, or press ? or * to list all spells.
Your horns disappear.
You turn into a venomous arachnid creature.
Your +0 robe melds into your body.
Your ball python bites the ogre.
Unknown command.
You swap places.
The ogre hits you with a giant spiked club!!
Ouch! That really hurt!
You die...
Your body crumbles into a pile of gold.

#####
#.S.#
#.sS#
###O#
.S#
####


You could see an ogre and 3 friendly ball pythons.

Vanquished Creatures
  A bullfrog skeleton (D:5)
  2 worker ants (D:4)
  A hound skeleton (D:5)
  2 adders
  3 oozes
  3 adder skeletons
  A dart slug (D:1)
  A leopard gecko (D:5)
  7 orcs
  5 bats
  6 giant cockroaches
  A goblin (D:2)
  10 hobgoblins
  6 jackals
  11 kobolds
  5 quokkas
  5 ball pythons
  2 frilled lizards
  7 rats
79 creatures vanquished.

Vanquished Creatures (collateral kills)
  An ogre (D:4)
  A centaur (D:5)
  A water moccasin skeleton (D:4)
  A scorpion (D:4)
  A howler monkey (D:4)
  An adder (D:4)
  A leopard gecko (D:4)
  2 orcs (D:3)
  A giant cockroach (D:4)
  A hobgoblin (D:1)
  2 jackals (D:4)
  A kobold (D:1)
14 creatures vanquished.

Grand Total: 93 creatures vanquished

Notes
Turn   | Place    | Note
-------+----------+-------------------------------------------
     0 | D:1      | Jannitor the Spriggan Transmuter began the quest for the Orb.
     0 | D:1      | Reached XP level 1. HP: 9/9 MP: 5/5
    60 | D:1      | Reached skill level 1 in Fighting
    96 | D:1      | Reached XP level 2. HP: 12/14 MP: 4/6
   458 | D:1      | Learned a level 2 spell: Sticks to Snakes
  1211 | D:2      | Reached XP level 3. HP: 18/18 MP: 6/8
  1485 | D:2      | Found a stormy altar of Qazlal.
  1527 | D:2      | Found a runed door.
  1971 | D:2      | Reached skill level 4 in Dodging
  3302 | D:3      | Learned a level 3 spell: Spider Form
  3608 | D:3      | Reached XP level 4. HP: 21/22 MP: 5/9
  4278 | D:3      | Noticed Natasha
  4388 | D:3      | Found a hide-covered altar of Uskayaw.
  5021 | D:4      | Reached XP level 5. HP: 23/26 MP: 5/10
  5406 | D:4      | Reached skill level 5 in Dodging
  5546 | D:4      | Found Zadd's Food Boutique.
  5566 | D:4      | Noticed an ogre
  5842 | D:4      | Killed an ogre
  5842 | D:4      | Reached XP level 6. HP: 28/32 MP: 6/11
  5952 | D:4      | Bought a bread ration for 60 gold pieces
  5952 | D:4      | Bought a bread ration for 60 gold pieces
  5952 | D:4      | Bought a bread ration for 60 gold pieces
  5952 | D:4      | Bought a royal jelly for 24 gold pieces
  5952 | D:4      | Bought a royal jelly for 24 gold pieces
  6175 | D:5      | Entered Level 5 of the Dungeon
  6210 | D:5      | Found a transporter.
  6227 | D:5      | Found a transporter.
  6593 | D:5      | Reached skill level 5 in Transmutations
  6908 | D:5      | Found a staircase to the Ecumenical Temple.
  6910 | D:5      | Found a faded altar of an unknown god.
  6917 | Temple   | Entered the Ecumenical Temple
  6923 | Temple   | Became a worshipper of Gozag Ym Sagoz the Greedy
  6989 | D:6      | Noticed Grinder
  7016 | D:5      | HP: 1/32 [centaur/arrow (9)]
  7033 | D:5      | Reached skill level 6 in Dodging
  7093 | D:6      | Slain by an ogre

Skill      XL: |  1  2  3  4  5  6 |
---------------+-------------------+-----
Fighting       | 1 2 |  2.7
Transmutations | 3 4 5 |  5.2
Dodging        | 4 5 6 |  6.0
Unarmed Combat | 3 |  3.6
Spellcasting   | |  2.6

Action                   |  1- 3 |  4- 6 || total
-------------------------+-------+-------++-------
Melee: Unarmed           |   298 |   245 ||   543
       Kick              |    28 |    24 ||    52
       Headbutt          |    17 |    16 ||    33
       Punch             |     5 |     7 ||    12
 Cast: Beastly Appendage |    37 |    19 ||    56
       Sticks to Snakes  |     9 |    31 ||    40
       Spider Form       |       |     1 ||     1
Invok: Potion Petition   |       |     1 ||     1
 Stab: Sleeping          |     1 |       ||     1
       Distracted        |       |     1 ||     1
  Eat: Bread ration      |       |     1 ||     1
       Fruit             |       |     1 ||     1
Armor: Robe              |    30 |    13 ||    43
Dodge: Dodged            |   247 |   218 ||   465
